 Dungeon Sprint DCSS version 0.21-a0-414-gba8bdf1 (webtiles) character file.

116 Kidiri the Insei (level 4, 0/41 HPs)
             Began as a Draconian Transmuter on Nov 2, 2017.
             Was a Believer of Wu Jian.
             Slain by an orc warrior
             ... wielding a +0 glaive
              (18 damage)
             ... in the Dungeon (Sprint VII: "The Pits").
             The game lasted 00:01:50 (206 turns).

Kidiri the Insei (Draconian Transmuter)              Turns: 206, Time: 00:01:52

Health: 0/41       AC:  5    Str: 12    XL:     4   Next: 70%
Magic:  5/10       EV: 13    Int: 13    God:    Wu Jian [**....]
Gold:   0          SH:  0    Dex: 13    Spells: 1/11 levels left

rFire    . . .     SeeInvis .     - Unarmed
rCold    . . .     Gourm    .   (no shield)
rNeg     . . .     Faith    .   (armour unavailable)
rPois    .         Spirit   .   (helmet restricted)
rElec    .         Reflect  .   (no cloak)
rCorr    .         Harm     .   (no gloves)
MR       .....     NoTele   +   (no boots)
Stlth    ++........             (no amulet)
HPRegen  0.13/turn              (no ring)
MPRegen  0.12/turn              (no ring)

@: very slightly contaminated
A: unfitting armour, cold-blooded, AC +5
a: Renounce Religion


You were in the Dungeon.
You worshipped Wu Jian.
Wu Jian was pleased with you.
You were not hungry.

You visited 1 branch

Inventory:

Missiles
 a - 12 arrows
 p - 10 stones (quivered)
Scrolls
 i - a scroll of blinking
 k - 3 scrolls of remove curse
 l - 5 scrolls of amnesia
 m - a scroll of summoning
Potions
 d - a potion of curing
 e - a potion of heal wounds
 f - a potion of haste
 g - 4 potions of magic
 h - 3 potions of berserk rage
 j - 2 potions of invisibility
Books
 b - a book of Changes

   Spells                             Type                      Level
   a - Beastly Appendage              Transmutation                1
   b - Sticks to Snakes               Transmutation                2
   c - Spider Form                    Transmutation/Poison         3
   d - Ice Form                       Ice/Transmutation            4
   e - Blade Hands                    Transmutation                5
Comestibles
 c - 8 bread rations
 n - 40 fruits
 o - 7 meat rations
 q - 4 chunks of flesh


   Skills:
 * Level 4.7 Fighting
 + Level 3.2 Dodging
 + Level 2.8 Stealth
 * Level 5.2 Unarmed Combat
 * Level 4.4 Spellcasting
 + Level 3.6 Transmutations
 + Level 0.4 Ice Magic
 + Level 0.5 Poison Magic


You had one spell level left.
You knew the following spells:

 Your Spells              Type           Power        Failure   Level  Hunger
a - Beastly Appendage     Tmut           ##....       4%          1    None
b - Sticks to Snakes      Tmut           ##......     7%          2    ##.....
c - Spider Form           Tmut/Pois      #.........   26%         3    ###....
d - Ice Form              Ice/Tmut       #.......     65%         4    ####...


Dungeon Overview and Level Annotations

Branches:
Dungeon (1/1)

Altars:
Ashenzari
Cheibriados
Dithmenos
Elyvilon
Fedhas
Gozag
Hepliaklqana
Kikubaaqudgha
Makhleb
Nemelex Xobeh
Okawaru
Qazlal
Ru
Sif Muna
Trog
Uskayaw
Vehumet
Wu Jian
Xom
Yredelemnul
Zin
The Shining One
Beogh
Jiyva
Lugonu

Annotations:
D exclusions: 6 doors and 6 more exclusions


Innate Abilities, Weirdness & Mutations

Your plain brown scales are hard. (AC +5)
You cannot fit into any form of body armour.
You are cold-blooded and may be slowed by cold attacks.


Message History

The jackal completely misses you. The orc hits you but does no damage.
Unknown command.
The jackal misses you.
Unknown command.
You hit the jackal.
The jackal is poisoned.
The jackal is severely wounded.
The jackal misses you.
Unknown command.
Your transformation has ended.
You kill the jackal!
The Council accepts your kill.
There is an open door, spattered with blood here.
You see here a ball python skeleton.
Casting: Spider Form
Confirm with . or Enter, or press ? or * to list all spells.
You miscast Spider Form.
You are very lightly contaminated with residual magic.
Your skin glows momentarily.
The orc warrior hits you from afar with a glaive!!
You die...

#_________.#
#_________.#
#_______...###########++
##########+##...........
#.?|.+)))+.##......#..#.
##########.##...........
#...........'...........
+#####'#####......#..#.
#...#@# #...........
#...#.# ####+#####++
#...o.# #.......#
##o#### #.......#
#..oo.# #.......#
#oo.S.# #...<...#
#........ #.......#
#........##.......#
###########.......#


You could see an orc warrior.

Vanquished Creatures
  A floating eye (D)
  An ooze (D)
  A ball python (D)
  A bat (D)
  A bat zombie (D)
  4 jackals (D)
9 creatures vanquished.

Notes
Turn   | Place    | Note
-------+----------+-------------------------------------------
     0 | D        | Kidiri the Draconian Transmuter began the quest for the Orb.
     0 | D        | Reached XP level 1. HP: 16/16 MP: 3/3
    22 | D        | Noticed a floating eye
    23 | D        | Paralysed by a floating eye for 3 turns
    27 | D        | Killed a floating eye
    27 | D        | Reached skill level 5 in Unarmed Combat
    27 | D        | Reached XP level 2. HP: 28/28 MP: 2/7
    27 | D        | Reached XP level 3. HP: 34/34 MP: 2/8
    27 | D        | Reached XP level 4. HP: 41/41 MP: 2/10
    31 | D        | Learned a level 2 spell: Sticks to Snakes
    35 | D        | Learned a level 3 spell: Spider Form
    40 | D        | Learned a level 4 spell: Ice Form
    71 | D        | Found a bloodstained altar of Trog.
    71 | D        | Found a deep blue altar of Sif Muna.
    71 | D        | Found a viscous altar of Jiyva.
    71 | D        | Found a hazy altar of Hepliaklqana.
    71 | D        | Found an opulent altar of Gozag.
    72 | D        | Found a glowing golden altar of the Shining One.
    72 | D        | Found a glowing silver altar of Zin.
    72 | D        | Found a basalt altar of Yredelemnul.
    72 | D        | Found a shimmering altar of Xom.
    72 | D        | Found an ornate altar of the Wu Jian Council.
    72 | D        | Found a sacrificial altar of Ru.
    72 | D        | Found a stormy altar of Qazlal.
    72 | D        | Found an iron altar of Okawaru.
    72 | D        | Found a sparkling altar of Nemelex Xobeh.
    72 | D        | Found a burning altar of Makhleb.
    72 | D        | Found a blossoming altar of Fedhas.
    72 | D        | Found a white marble altar of Elyvilon.
    72 | D        | Found a shadowy altar of Dithmenos.
    72 | D        | Found a snail-covered altar of Cheibriados.
    74 | D        | Found a radiant altar of Vehumet.
    74 | D        | Found a corrupted altar of Lugonu.
    74 | D        | Found a roughly hewn altar of Beogh.
    75 | D        | Found a hide-covered altar of Uskayaw.
    75 | D        | Found an ancient bone altar of Kikubaaqudgha.
    75 | D        | Found a shattered altar of Ashenzari.
    83 | D        | Became a worshipper of the Wu Jian Council
   124 | D        | Reached * piety under Wu Jian
   193 | D        | Noticed an orc warrior
   199 | D        | Reached ** piety under Wu Jian
   206 | D        | Slain by an orc warrior

Vault maps used:
D:        pitsprint

Skill      XL: |  1 |
---------------+----+-----
Fighting       | 4 |  4.7
Dodging        | 3 |  3.2
Stealth        | 2 |  2.8
Unarmed Combat | 5 |  5.2
Spellcasting   | 4 |  4.4
Transmutations | 3 |  3.6
Ice Magic      | |  0.4
Poison Magic   | |  0.5

Action                   |  1- 3 |  4- 6 || total
-------------------------+-------+-------++-------
Melee: Unarmed           |     2 |    19 ||    21
       Kick              |     2 |       ||     2
       Punch             |     1 |       ||     1
       Headbutt          |       |     2 ||     2
       Tailslap          |       |     1 ||     1
 Cast: Beastly Appendage |     1 |     1 ||     2
       Spider Form       |       |     2 ||     2
 Stab: Sleeping          |       |     2 ||     2
Armor: Skin              |       |     6 ||     6
Dodge: Dodged            |       |    36 ||    36

Table legend:
 A = Spawn XP
 B = Non-spawn XP
 C = Spawn XP percentage of total XP
 D = Spawn monster count
 E = Non-spawn monster count
 F = Spawn count percentage of total count
 G = Total turns spent on level
                    A         B        C        D         E        F      G
               +---------+---------+-------+---------+---------+-------+---------
         Total |       0 |     167 |   0.0 |       0 |       9 |   0.0 |   206
               +---------+---------+-------+---------+---------+-------+---------
             D |       0 |     167 |   0.0 |       0 |       9 |   0.0 |   206
               +---------+---------+-------+---------+---------+-------+---------
